 Dungeon Crawl Stone Soup version 0.20.1-1-g8b1a95d (webtiles) character file.

13262 equalderp2856 the Cleaver (level 11, 0/83 HPs)
             Began as a Mummy Fighter on Oct 25, 2017.
             Slain by a wyvern (13 damage)
             ... on level 10 of the Dungeon.
             The game lasted 00:32:08 (17177 turns).

equalderp2856 the Cleaver (Mummy Fighter)          Turns: 17177, Time: 00:32:09

Health: 0/83       AC: 17    Str: 19    XL:     11   Next: 73%
Magic:  23/23      EV:  5    Int: 15    God:
Gold:   230        SH: 10    Dex: 11    Spells: 26/26 levels left

rFire    x . .     SeeInvis .   a - +0 war axe
rCold    + . .     Gourm    .   c - +0 shield
rNeg     + + +     Faith    .   r - +0 plate armour
rPois    ∞         Spirit   .   (no helmet)
rElec    .         Reflect  .   (no cloak)
rCorr    .         Harm     .   k - +0 pair of gloves
MR       +....                  D - +2 pair of boots {run}
Stlth    ..........             (no amulet)
Regen    0.3/turn               j - +3 ring of intelligence
MPRegen  0.2/turn               (no ring)

@: quick
A: no food or potions, fire vulnerability, cold resistance 1, negative energy
resistance 3, torment resistance, unbreathing
a: no special abilities


You were on level 10 of the Dungeon.
You were not hungry.

You visited 1 branch of the dungeon, and saw 11 of its levels.

You collected 573 gold pieces.
You spent 343 gold pieces at shops.

Inventory:

Hand Weapons
 a - a +0 war axe (weapon)
Armour
 b - a +1 pair of boots
 c - a +0 shield (worn)
 k - a +0 pair of gloves (worn)
 m - a +0 pair of boots
 r - a +0 plate armour (worn)
 t - the cursed +0 scale mail of Altruism {rElec rF+}
   (You found it on level 7 of the Dungeon)

   It protects you from fire.
   It insulates you from electricity.
   It has a curse placed upon it.
 v - the +3 pair of boots of the Arcane {Regen+ MP+9 Int+2}
   (You bought it in a shop on level 8 of the Dungeon)

   It affects your intelligence (+2).
   It affects your magic capacity (+9).
   It increases your rate of regeneration.
 y - the +6 scale mail of Weadyrho {rCorr, unknown}
   (You found it on level 8 of the Dungeon)

   It protects you from acid and corrosion.
 D - a +2 pair of boots of running (worn)
Jewellery
 j - a +3 ring of intelligence (left hand)
 p - a +2 ring of strength {unknown}
 s - an uncursed amulet of rage {unknown}
 x - an uncursed ring of poison resistance {unknown}
 A - a +1 ring of protection {unknown}
 C - a +3 ring of intelligence
 H - an uncursed ring of ice {unknown}
Wands
 o - a wand of paralysis (0/24)
 z - a wand of flame (11/48)
 I - a wand of disintegration (12/24)
Scrolls
 d - 2 scrolls of magic mapping {unknown}
 e - 6 scrolls of remove curse
 f - 2 scrolls of immolation {unknown}
 g - 3 scrolls of amnesia
 h - 2 scrolls of fog
 i - 2 scrolls of recharging {unknown}
 l - a scroll of teleportation
 n - 2 scrolls of noise
 q - a scroll of enchant armour {unknown}
 u - a scroll of random uselessness {unknown}
 w - a scroll of enchant weapon {unknown}
 B - a scroll of acquirement {unknown}
 F - 2 scrolls of identify
 G - a scroll of fear {unknown}
Miscellaneous
 E - a sack of spiders


   Skills:
 + Level 6.6 Fighting
 * Level 10.8 Axes
 + Level 6.5 Armour
 + Level 2.1 Dodging
 + Level 3.2 Stealth
 + Level 5.8 Shields
 * Level 8.4 Spellcasting
 + Level 1.1 Evocations


You had 26 spell levels left.
You didn't know any spells.

Dungeon Overview and Level Annotations

Branches:
Dungeon (11/15)            Temple (0/1) D:6
   Lair: D:8-11         Orc: D:9-12

Altars:
Elyvilon
Hepliaklqana
Okawaru
Sif Muna
Zin

Shops:
D:5 *   D:8 [   D:9 !

Annotations:
D:7 Joseph


Innate Abilities, Weirdness & Mutations

You do not eat or drink.
Your flesh is vulnerable to fire.
You are immune to poison.
Your flesh is cold resistant. (rC+)
You are immune to negative energy. (rN+++)
You are immune to unholy pain and torment.
You can survive without breathing.


Message History

The wyvern bites you!
* * * LOW HITPOINT WARNING * * *
The wyvern bites you but does no damage.
There is a stone staircase leading up here.
The wyvern bites you but does no damage.
You climb upwards.
There is a stone staircase leading down here.
You closely miss the wyvern.
The wyvern is heavily wounded.
The wyvern bites you but does no damage.
You block the wyvern's attack.
You slash the wyvern!
The wyvern is almost dead.
You block the wyvern's attack.
Your shield and plate armour prevent you from hitting the wyvern.
The wyvern is almost dead.
The wyvern bites you!
* * * LOW HITPOINT WARNING * * *
The wyvern bites you!
You die...

......#.#...#.##.#..≈≈....#.# #.#
....###.###...##.#.≈≈≈≈##.#.###.#
....#.....#.......≈≈≈≈≈≈.........
....#######......≈≈≈≈≈≈≈≈...###.#
.##.≈≈≈≈≈≈≈.#.##≈≈≈≈≈≈≈≈≈≈#.###..
....#######......(≈≈≈≈≈≈≈≈....###
.##.#.....#...8...8≈≈≈≈≈≈≈###.###
....###.###.....l...≈≈≈≈≈≈# #..##
......#.#.......@...≈≈≈≈≈≈# ##.##
......#.#..#........≈≈≈≈≈.####.##
..##......####..8..≈≈≈≈≈#........
..##<).≈...........≈≈≈≈..........
..##[#≈≈≈≈##########≈≈###.####..#
.###)≈≈≈≈≈≈# #### #.# ##.#
......################ #.# #.#
###≈≈.#..............####.# #..
..≈≈≈.'...............##[.# ##.


You could see a wyvern.

Vanquished Creatures
  5 two-headed ogres
  A cyclops (D:10)
  3 hippogriffs (D:10)
  Sigmund (D:4)
  A human (D:10)
  16 yaks (D:10)
  3 hungry ghosts (D:10)
  3 hogs (D:10)
  Duvessa (D:4)
  2 orc warriors (D:8)
  4 ice beasts
  3 sky beasts
  A necrophage (D:8)
  2 black bears
  3 phantoms
  4 centaurs
  3 ogres
  6 bullfrogs
  A big kobold (D:9)
  Dowan (D:4)
  A gnoll sergeant (D:9)
  5 scorpions
  10 killer bees
  4 wights (D:10)
  4 howler monkeys
  3 electric eels (D:10)
  7 crimson imps
  A centaur zombie (D:7)
  4 hounds
  4 jellies
  A bullfrog skeleton (D:8)
  3 centaur skeletons
  7 orc wizards
  5 orc priests
  Jessica (D:8)
  5 iguanas
  11 worker ants
  A howler monkey zombie (D:5)
  A worker ant zombie (D:6)
  4 gnolls
  17 adders
  2 shadow imps
  An adder zombie (D:5)
  A worm (D:2)
  6 dart slugs
  6 leopard geckos
  50 orcs
  6 giant cockroaches
  3 hobgoblins
  3 jackals (D:4)
  3 quokkas
  2 bats
  7 frilled lizards
  4 goblins
  10 kobolds
  A leopard gecko zombie (D:6)
  2 quokka skeletons (D:4)
  8 rats
278 creatures vanquished.

Vanquished Creatures (others)
  2 orcs (D:10)
2 creatures vanquished.

Grand Total: 280 creatures vanquished

Notes
Turn   | Place    | Note
-------+----------+-------------------------------------------
     0 | D:1      | equalderp2856 the Mummy Fighter began the quest for the Orb.
     0 | D:1      | Reached XP level 1. HP: 18/18 MP: 1/1
   337 | D:1      | Reached XP level 2. HP: 24/24 MP: 2/2
   999 | D:2      | Reached XP level 3. HP: 29/29 MP: 3/3
  1145 | D:2      | Found a glowing silver altar of Zin.
  1153 | D:2      | Reached skill level 2 in Axes
  1205 | D:2      | Reached XP level 4. HP: 28/35 MP: 4/4
  1791 | D:3      | Found a hazy altar of Hepliaklqana.
  1882 | D:3      | Reached XP level 5. HP: 33/41 MP: 5/5
  2404 | D:4      | Noticed Sigmund
  2689 | D:4      | Reached skill level 3 in Axes
  2828 | D:4      | Reached XP level 6. HP: 42/48 MP: 6/6
  3079 | D:4      | Found an iron altar of Okawaru.
  3324 | D:4      | Reached skill level 1 in Dodging
  3450 | D:4      | Killed Sigmund
  3450 | D:4      | Reached skill level 4 in Axes
  3450 | D:4      | Reached XP level 7. HP: 38/54 MP: 6/8
  3484 | D:5      | Entered Level 5 of the Dungeon
  3484 | D:5      | Noticed Duvessa
  3484 | D:5      | Noticed Dowan
  3504 | D:4      | Reached skill level 1 in Spellcasting
  3667 | D:4      | Killed Duvessa
  3696 | D:4      | Killed Dowan
  4315 | D:5      | Reached skill level 5 in Axes
  4407 | D:5      | Found Joyr Tetz's Assorted Antiques.
  4444 | D:5      | Bought a scroll labeled LUXYUTHAWO for 29 gold pieces
  4444 | D:5      | Bought a scroll labeled LIVEPO HELUY for 29 gold pieces
  4444 | D:5      | Bought a scroll labeled OXETZUNOUPN for 29 gold pieces
  4633 | D:5      | Reached XP level 8. HP: 59/60 MP: 11/11
  5571 | D:6      | Found a white marble altar of Elyvilon.
  5657 | D:6      | Found a staircase to the Ecumenical Temple.
  5773 | D:6      | Reached skill level 6 in Axes
  6259 | D:7      | Reached skill level 1 in Stealth
  6293 | D:7      | Noticed Joseph
  7612 | D:7      | Reached XP level 9. HP: 52/66 MP: 15/15
  7767 | D:7      | Got an ichor-stained scale mail
  8048 | D:8      | Found Diul's Antique Armour Shop.
  8065 | D:7      | Identified the cursed +0 scale mail of Altruism {rElec rF+} (You found it on level 7 of the Dungeon)
  8077 | D:8      | Reached skill level 7 in Axes
  8117 | D:8      | Bought a pair of jewelled boots for 256 gold pieces
  8129 | D:8      | Identified the +3 pair of boots of the Arcane {Regen+ MP+9 Int+2} (You bought it in a shop on level 8 of the Dungeon)
  8320 | D:8      | Noticed a two-headed ogre
  8414 | D:8      | Killed a two-headed ogre
  8414 | D:8      | Reached skill level 5 in Fighting
  8414 | D:8      | Reached skill level 5 in Spellcasting
  8425 | D:8      | Got a dazzling scale mail
  8567 | D:8      | Reached skill level 8 in Axes
  8717 | D:9      | Found Vieddiuth's Distillery.
  9437 | D:9      | Reached XP level 10. HP: 73/74 MP: 18/18
  9446 | D:9      | Noticed a two-headed ogre
  9491 | D:9      | Killed a two-headed ogre
  9491 | D:9      | Reached skill level 5 in Armour
  9491 | D:9      | Reached skill level 5 in Shields
  9849 | D:8      | Noticed Jessica
  9860 | D:8      | Killed Jessica
  9878 | D:8      | Found a deep blue altar of Sif Muna.
 10106 | D:9      | Noticed a two-headed ogre
 10122 | D:9      | Killed a two-headed ogre
 10122 | D:9      | Reached skill level 9 in Axes
 10909 | D:9      | Identified a +2 pair of boots of running (You found it on level 9 of the Dungeon)
 11082 | D:10     | Entered Level 10 of the Dungeon
 11487 | D:10     | Noticed a two-headed ogre
 12705 | D:10     | Noticed a two-headed ogre
 13101 | D:9      | Killed a two-headed ogre
 13101 | D:9      | Reached skill level 1 in Evocations
 13101 | D:9      | Reached XP level 11. HP: 46/81 MP: 20/22
 14541 | D:10     | Reached skill level 10 in Axes
 14805 | D:10     | Killed a two-headed ogre
 17177 | D:10     | Slain by a wyvern

Skill      XL: |  1  2  3  4  5  6  7  8  9 10 11 |
---------------+----------------------------------+-----
Axes           | 2 3 4 5 6 8 9 10 | 10.8
Shields        | 3 4 5 |  5.8
Armour         | 3 4 5 6 |  6.5
Fighting       | 4 5 6 |  6.6
Dodging        | 1 2 |  2.1
Spellcasting   | 2 4 5 7 8 |  8.4
Stealth        | 1 2 3 |  3.2
Evocations     | 1 |  1.1

Action                   |  1- 3 |  4- 6 |  7- 9 | 10-12 || total
-------------------------+-------+-------+-------+-------++-------
Melee: War axe           |   122 |   189 |   656 |   824 ||  1791
Evoke: Wand              |       |       |     5 |    15 ||    20
  Use: Scroll            |       |       |     8 |       ||     8
 Stab: Paralysed         |       |       |     8 |    17 ||    25
Armor: Scale mail        |    75 |    93 |   128 |       ||   296
       Plate armour      |       |       |   311 |   452 ||   763
Dodge: Dodged            |    43 |    61 |   179 |   120 ||   403
Block: Shield            |    89 |    92 |   385 |   353 ||   919
